[Event "Titled Tuesday Blitz February 21 Late 2023"]
[White "Martynov, Pavel"]
[Black "Pichot, Alan"]
[WhiteFideId "4101260"]
[BlackFideId "110973"]
[WhiteElo "2414"]
[BlackElo "2638"]
[Result "0-1"]
[Round "08"]
[TimeControl "180+2"]
[Date "2023.02.21"]
[WhiteClock "0:01:12"]
[BlackClock "0:01:43"]

1. e4 c5 2. Nf3 e6 3. Nc3 Nc6 4. g3 d6 5. Bg2 Nf6 6. d4 cxd4 7. Nxd4 Bd7 8. Nb3 a6 9. O-O Be7 10. g4 h6 11. f4 g5 12. f5 e5 13. Nd5 Nxd5 14. Qxd5 h5 15. f6 Be6 16. Qd1 Bxf6 17. gxh5 g4 18. Be3 Rxh5 19. c3 Bg5 20. Qd2 Bxe3+ 21. Qxe3 Qg5 22. Qg3 O-O-O 23. Rad1 Rdh8 24. Rxd6 Rxh2 25. Qxh2 Qe3+ 26. Kh1 Rxh2+ 27. Kxh2 g3+ 28. Kh1 Qh6+ 0-1


[Site "https://www.chess.com"]

[Event "Titled Tuesday Blitz February 21 Late 2023"]
[White "Urazayev, Arystanbek"]
[Black "Goroshkov, Maksym"]
[WhiteFideId "13709810"]
[BlackFideId "14142716"]
[WhiteElo "2460"]
[BlackElo "2287"]
[Result "1-0"]
[Round "08"]
[TimeControl "180+2"]
[Date "2023.02.21"]
[WhiteClock "0:01:49"]
[BlackClock "0:02:03"]

1. d4 Nf6 2. c4 e5 3. dxe5 Ng4 4. Nf3 Nc6 5. Bf4 Bb4+ 6. Nbd2 Qe7 7. e3 Ngxe5 8. Nxe5 Nxe5 9. Be2 d6 10. O-O Bxd2 11. Qxd2 O-O 12. Qc3 b6 13. b4 Bb7 14. c5 Qf6 15. Rac1 bxc5 16. bxc5 Qg6 17. f3 Qe6 18. a4 Rfe8 19. Bg3 Nd7 20. c6 Bxc6 21. Qxc6 Qxe3+ 22. Bf2 Qxe2 23. Qxd7 c5 24. Qxd6 c4 25. Rfe1 Qa2 26. Rxe8+ Rxe8 27. Qc6 Rd8 28. h3 h6 29. Qxc4 Rd1+ 30. Kh2 Qd2 31. Qc8+ Qd8 32. Qxd8+ Rxd8 33. Bxa7 Ra8 34. Rc7 g5 35. a5 f5 36. Bb6 f4 37. h4 gxh4 38. Kh3 h5 39. Kxh4 Kh8 40. Kxh5 Rd8 41. Rh7+ Kxh7 42. Bxd8 Kg7 43. a6 Kf7 44. a7 Ke6 45. a8=Q Ke5 46. Qe4+ Kd6 47. Qxf4+ Kd7 48. Qf6 Ke8 49. Qe7# 1-0


[Site "https://www.chess.com"]

[Event "Titled Tuesday Blitz February 21 Late 2023"]
[White "Yuan, Qingyu"]
[Black "Hernandez Sanchez, Elvis De La Caridad"]
[WhiteFideId "8609772"]
[BlackFideId "6400353"]
[WhiteElo "2373"]
[BlackElo "2243"]
[Result "1-0"]
[Round "08"]
[TimeControl "180+2"]
[Date "2023.02.21"]
[WhiteClock "0:00:05"]
[BlackClock "0:00:01"]

1. e4 e6 2. d4 d5 3. Nd2 Be7 4. Ngf3 Nf6 5. Bd3 c5 6. dxc5 dxe4 7. Nxe4 Nxe4 8. Bxe4 Qxd1+ 9. Kxd1 Bxc5 10. Ke2 O-O 11. Be3 Bxe3 12. Kxe3 Nd7 13. c3 Nf6 14. Rhd1 Nxe4 15. Kxe4 b6 16. Ke3 Bb7 17. Rd7 Bc6 18. Rd6 Rfc8 19. Ne5 Be8 20. Rad1 Kf8 21. f4 Ke7 22. g3 Rd8 23. R6d4 Rxd4 24. Rxd4 f6 25. Nd3 Bc6 26. Nb4 Bb7 27. Nd3 h6 28. c4 Rc8 29. b3 g5 30. Nf2 e5 31. fxe5 fxe5 32. Rd2 Ke6 33. Nd3 Rf8 34. Rf2 Rd8 35. Rf1 Bc6 36. Nb4 Bb7 37. Nd3 Bc6 38. Rf2 Bb7 39. Re2 Rf8 40. Kd2 e4 41. Nf2 Ke5 42. Ng4+ Kd4 43. Nxh6 Rf1 44. g4 Ra1 45. Nf5+ Ke5 46. Ke3 Rf1 47. Ng3 Rf3+ 48. Kd2 Kf4 49. Kc2 e3 50. Kd3 Bc8 51. Nf5 Bxf5+ 52. gxf5 Kxf5 53. Rxe3 Rf2 54. Re2 Rf3+ 55. Kd4 g4 56. b4 Kf4 57. c5 bxc5+ 58. bxc5 Rf1 59. Rc2 Rd1+ 60. Kc4 Rd8 61. c6 Ke5 62. Kc5 1-0


[Site "https://www.chess.com"]

[Event "Titled Tuesday Blitz February 21 Late 2023"]
[White "Postma, Dinant"]
[Black "Naroditsky, Daniel"]
[WhiteFideId "1018612"]
[BlackFideId "2026961"]
[WhiteElo "2131"]
[BlackElo "2618"]
[Result "0-1"]
[Round "08"]
[TimeControl "180+2"]
[Date "2023.02.21"]
[WhiteClock "0:00:04"]
[BlackClock "0:01:45"]

1. d4 Nf6 2. Bg5 Ne4 3. Bf4 Nc6 4. e3 d5 5. Bd3 a6 6. Nf3 Bg4 7. h3 Bh5 8. Nbd2 Nxd2 9. Qxd2 Bxf3 10. gxf3 g6 11. h4 h5 12. O-O-O e6 13. Bg5 Be7 14. Rhg1 Qd7 15. c4 O-O-O 16. Bxe7 Qxe7 17. Rg5 dxc4 18. Bxc4 Kb8 19. Qc3 Rd6 20. Kb1 Rhd8 21. Rc1 Qd7 22. f4 Ne7 23. Ra5 Rb6 24. Bd3 Nd5 25. Qd2 Qe7 26. Be4 Qxh4 27. Rac5 Qe7 28. Bxd5 exd5 29. Rxc7 Qxc7 30. Rxc7 Kxc7 31. Qa5 Rd6 32. f5 gxf5 33. Qe1 h4 34. Qh1 Rh6 35. Qxd5 h3 36. Qe5+ Kd8 37. Qb8+ Kd7 38. Qh2 f4 39. exf4 Rbg6 40. f5 Rg2 41. Qe5 Rg1+ 42. Kc2 h2 43. Qd5+ Kc8 44. Qc5+ Rc6 0-1


[Site "https://www.chess.com"]

[Event "Titled Tuesday Blitz February 21 Late 2023"]
[White "Martinez Alcantara, Jose Eduardo"]
[Black "Trost, Edvin"]
[WhiteFideId "3805662"]
[BlackFideId "1729519"]
[WhiteElo "2619"]
[BlackElo "2399"]
[Result "1-0"]
[Round "08"]
[TimeControl "180+2"]
[Date "2023.02.21"]
[WhiteClock "0:01:53"]
[BlackClock "0:00:30"]

1. e4 e5 2. Nf3 Nc6 3. Nc3 Nf6 4. h3 Bb4 5. Nd5 Bc5 6. c3 Nxe4 7. d4 exd4 8. cxd4 Be7 9. Bd3 Nf6 10. Nxe7 Qxe7+ 11. Be3 d5 12. O-O h6 13. Rc1 O-O 14. Re1 Ne4 15. Bf4 Bf5 16. Bb5 Qb4 17. Bxc6 bxc6 18. Re2 c5 19. dxc5 c6 20. a3 Qb7 21. Nd4 Bg6 22. f3 Nf6 23. Qd2 Rfe8 24. b4 Nd7 25. b5 Rxe2 26. Qxe2 cxb5 27. c6 Qb6 28. cxd7 Qxd4+ 29. Be3 Qc4 30. Rxc4 bxc4 31. Bxa7 1-0


[Site "https://www.chess.com"]

[Event "Titled Tuesday Blitz February 21 Late 2023"]
[White "Dourerassou, Jonathan"]
[Black "Li, Ruifeng"]
[WhiteFideId "628050"]
[BlackFideId "2061074"]
[WhiteElo "2414"]
[BlackElo "2541"]
[Result "1-0"]
[Round "08"]
[TimeControl "180+2"]
[Date "2023.02.21"]
[WhiteClock "0:01:04"]
[BlackClock "0:01:04"]

1. d4 b6 2. e4 Bb7 3. Nc3 e6 4. Bd3 d6 5. Nf3 Nd7 6. O-O h6 7. Re1 g5 8. d5 Bg7 9. Bc4 e5 10. a4 a6 11. Ne2 Ne7 12. Ng3 O-O 13. h4 f5 14. exf5 Nxf5 15. Nxf5 Rxf5 16. Bd3 Rf4 17. hxg5 hxg5 18. Bxf4 gxf4 19. Bf5 Nf8 20. Qd3 Qf6 21. c4 a5 22. Nd2 Kf7 23. Qh3 Bh6 24. Ne4 Qg7 25. Qh5+ Ke7 26. Qh4+ Kf7 27. Ra3 Ng6 28. Qh5 Bc8 29. Rh3 Bxf5 30. Qxf5+ Kg8 31. Nf6+ Kh8 32. Qg5 1-0


[Site "https://www.chess.com"]

[Event "Titled Tuesday Blitz February 21 Late 2023"]
[White "Solon, Nathan"]
[Black "Grigoriants, Sergey"]
[WhiteFideId "2017229"]
[BlackFideId "4130804"]
[WhiteElo "2306"]
[BlackElo "2562"]
[Result "0-1"]
[Round "08"]
[TimeControl "180+2"]
[Date "2023.02.21"]
[WhiteClock "0:00:28"]
[BlackClock "0:00:13"]

1. Nf3 d5 2. g3 g6 3. c4 d4 4. e3 Nc6 5. Bg2 Bg7 6. O-O a5 7. Na3 Nh6 8. Nb5 Nf5 9. g4 Nd6 10. Nbxd4 Bxg4 11. Nxc6 bxc6 12. h3 Bd7 13. Qe2 c5 14. d4 cxd4 15. Nxd4 c5 16. Nc6 Qc8 17. Qf3 Ra6 18. Nxe7 Kxe7 19. Rd1 Re8 20. Qf4 Nf5 21. Bd2 Bc6 22. e4 Nd4 23. Kh1 Kf8 24. Qd6+ Kg8 25. Qxc5 Bxe4 26. Qxc8 Bxg2+ 27. Kxg2 Rxc8 28. b3 a4 29. Bc3 Ne6 30. Bxg7 Kxg7 31. Rac1 axb3 32. axb3 Rb6 0-1


[Site "https://www.chess.com"]

[Event "Titled Tuesday Blitz February 21 Late 2023"]
[White "Bikuzhin, Maksim"]
[Black "Averjanov, Alexey"]
[WhiteFideId "24128015"]
[BlackFideId "14109867"]
[WhiteElo "2279"]
[BlackElo "2399"]
[Result "1/2-1/2"]
[Round "08"]
[TimeControl "180+2"]
[Date "2023.02.21"]
[WhiteClock "0:00:42"]
[BlackClock "0:00:35"]

1. e4 c6 2. d4 d5 3. e5 Bf5 4. h4 h5 5. c4 e6 6. Nc3 dxc4 7. Bxc4 Nd7 8. Nge2 Nb6 9. Bb3 Ne7 10. Bg5 Qd7 11. O-O Ned5 12. Ng3 Bg6 13. Nce4 Be7 14. Bxe7 Qxe7 15. Nd6+ Kf8 16. f4 Ne3 17. Qd2 Nxf1 18. Rxf1 Nd5 19. f5 exf5 20. Ngxf5 Qe6 21. Rf3 Kg8 22. Qg5 Rf8 23. Kh2 a5 24. Rg3 Kh7 25. Bd1 Kg8 26. Bf3 Rh7 27. Be4 Bxf5 28. Bxf5 Qh6 29. Bxh7+ Qxh7 30. Nf5 g6 31. Nd6 Qg7 32. Nxb7 Kh7 33. Nc5 f6 34. Qd2 Qe7 35. Ne4 fxe5 36. Ng5+ Kg7 37. dxe5 Qxe5 38. Qxa5 Rf4 39. Qa7+ Ne7 40. Nf3 Qd6 41. Qe3 Nf5 42. Qc3+ Kg8 43. Qb3+ Kg7 44. Qc3+ Kg8 45. Qb3+ Kh8 46. Qc3+ Kg8 1/2-1/2


[Site "https://www.chess.com"]

[Event "Titled Tuesday Blitz February 21 Late 2023"]
[White "Mekhitarian, Krikor Sevag"]
[Black "Risteski, Emil"]
[WhiteFideId "2107660"]
[BlackFideId "15005267"]
[WhiteElo "2537"]
[BlackElo "2366"]
[Result "0-1"]
[Round "08"]
[TimeControl "180+2"]
[Date "2023.02.21"]
[WhiteClock "0:01:08"]
[BlackClock "0:00:55"]

1. Nf3 Nf6 2. c4 e6 3. Nc3 d5 4. e3 Be7 5. b3 O-O 6. Bb2 c5 7. cxd5 Nxd5 8. Nxd5 Qxd5 9. Bc4 Qd8 10. Qc2 Nc6 11. h4 h6 12. Ng5 Bxg5 13. hxg5 Qxg5 14. O-O-O e5 15. g4 Be6 16. f4 exf4 17. exf4 Qxf4 18. Rdf1 Qg5 19. Rh5 Qxg4 20. Rhh1 Nd4 21. Qd3 Bf5 22. Qc3 b5 23. Rfg1 bxc4 24. Rxg4 Ne2+ 0-1


[Site "https://www.chess.com"]

[Event "Titled Tuesday Blitz February 21 Late 2023"]
[White "Bryakin, Mikhail"]
[Black "Manelyuk, Daniil"]
[WhiteFideId "4165314"]
[BlackFideId "44173920"]
[WhiteElo "2455"]
[BlackElo "2302"]
[Result "1-0"]
[Round "08"]
[TimeControl "180+2"]
[Date "2023.02.21"]
[WhiteClock "0:01:30"]
[BlackClock "0:00:31"]

1. e4 c6 2. d3 d5 3. Nf3 Bg4 4. h3 Bxf3 5. Qxf3 e6 6. g3 Nf6 7. Bg2 Be7 8. O-O O-O 9. Nd2 Nbd7 10. b3 Bb4 11. Qe2 Bc3 12. Rb1 Qa5 13. a3 c5 14. Kh2 Rfe8 15. f4 e5 16. f5 dxe4 17. Nxe4 Nxe4 18. Bxe4 Rab8 19. f6 g6 20. Qg4 Re6 21. Bg5 Qxa3 22. Bd5 Rd6 23. Qc4 Rf8 24. Bh6 Nb6 25. Qxc3 Nxd5 26. Qxe5 Rfd8 27. Rbe1 Re6 28. Qxe6 1-0


[Site "https://www.chess.com"]

[Event "Titled Tuesday Blitz February 21 Late 2023"]
[White "Fiorito, Joaquin"]
[Black "Quispe Arteaga, Gabriel"]
[WhiteFideId "180173"]
[BlackFideId "32059809"]
[WhiteElo "2405"]
[BlackElo "2381"]
[Result "0-1"]
[Round "08"]
[TimeControl "180+2"]
[Date "2023.02.21"]
[WhiteClock "0:00:03"]
[BlackClock "0:00:18"]

1. d4 Nf6 2. Nc3 d5 3. Bf4 a6 4. e3 e6 5. g4 h6 6. h4 Bd6 7. Qf3 Nc6 8. Nge2 e5 9. dxe5 Nxe5 10. Qg3 Qe7 11. f3 Nc4 12. O-O-O Ba3 13. Rxd5 Bxb2+ 14. Kd1 Nxd5 15. Nxd5 Qd7 16. Ke1 Qxd5 17. e4 Qc6 18. Bh3 Be6 19. Kf2 O-O-O 20. Rb1 Ba3 21. Kg2 Bd6 22. e5 Bc5 23. Kh2 Be3 24. Bg2 Bxf4 25. Nxf4 Ne3 26. Bh1 Rd2+ 27. Kh3 g5 28. Nh5 Qxc2 29. Re1 Rd3 30. hxg5 Nxg4 31. Kh4 hxg5+ 32. Kxg5 Rg8+ 33. Kh4 Qd2 34. Re4 Qg5+ 35. Kh3 Qxh5+ 36. Qh4 Qxh4+ 37. Kxh4 Nf2 38. Rg4 Nxg4 0-1


[Site "https://www.chess.com"]

[Event "Titled Tuesday Blitz February 21 Late 2023"]
[White "Nasuta, Grzegorz"]
[Black "Chor, Kevin"]
[WhiteFideId "1141686"]
[BlackFideId "2090740"]
[WhiteElo "2552"]
[BlackElo "1944"]
[Result "1-0"]
[Round "08"]
[TimeControl "180+2"]
[Date "2023.02.21"]
[WhiteClock "0:00:07"]
[BlackClock "0:00:09"]

1. e4 c5 2. Nf3 Nc6 3. Bb5 d6 4. O-O Bd7 5. Re1 Nf6 6. c3 a6 7. Bf1 g5 8. Nxg5 Rg8 9. d4 cxd4 10. cxd4 h6 11. Nf3 Bg4 12. Nc3 Bxf3 13. Qxf3 Nxd4 14. Qd3 Ne6 15. Be3 Nc5 16. Bxc5 dxc5 17. Qe3 e6 18. Rad1 Qc7 19. e5 Nd7 20. f4 O-O-O 21. Ne4 Kb8 22. Rd2 Be7 23. Red1 Nb6 24. Nd6 Nd5 25. Qf3 Bxd6 26. exd6 Qxd6 27. Bc4 Qb6 28. f5 Nb4 29. fxe6 Rxd2 30. Rxd2 fxe6 31. Qf7 Rd8 32. Qxe6 Qc7 33. Qxh6 Re8 34. Qd6 Qxd6 35. Rxd6 Re1+ 36. Kf2 Rb1 37. Rd2 b5 38. Bg8 c4 39. h4 Nd3+ 40. Ke3 Nxb2 41. Bh7 c3 42. Bxb1 Nc4+ 43. Ke2 cxd2 44. Bd3 Ne5 45. Kxd2 Kc7 46. h5 Ng4 47. Bf5 Nh6 48. Bh3 Kd6 49. Ke3 Ke5 50. Bc8 Nf7 51. Bxa6 b4 52. Bc4 Nd6 53. Bd3 Nb7 54. h6 Kf6 55. h7 Kg7 56. g4 Nc5 57. g5 Ne6 58. g6 Nc5 59. Kd4 b3 60. axb3 Nxb3+ 61. Kd5 Nd2 62. Be4 Nf1 63. Ke6 Ng3 64. Bf3 Nf1 65. h8=Q+ Kxh8 66. Kf7 Ne3 67. g7+ Kh7 68. g8=Q+ Kh6 69. Qg6# 1-0


[Site "https://www.chess.com"]

[Event "Titled Tuesday Blitz February 21 Late 2023"]
[White "EREBUNI91"]
[Black "Manukyan, Sargis V."]
[BlackFideId "13303465"]
[WhiteElo "2753"]
[BlackElo "2253"]
[Result "1-0"]
[Round "08"]
[TimeControl "180+2"]
[Date "2023.02.21"]
[WhiteClock "0:01:14"]
[BlackClock "0:02:09"]

1. e4 c5 2. Nc3 Nc6 3. Bb5 g6 4. Bxc6 dxc6 5. d3 Bg7 6. Nge2 e5 7. O-O Nf6 8. Be3 b6 9. Qc1 h6 10. h3 Nd7 11. f4 exf4 12. Bxf4 Nf8 13. e5 Bf5 14. Ng3 Be6 15. Nce4 Qd4+ 16. Kh1 O-O-O 17. Nd6+ Kb8 18. Nxf7 g5 19. Nxd8 gxf4 20. Nxc6+ 1-0


[Site "https://www.chess.com"]

[Event "Titled Tuesday Blitz February 21 Late 2023"]
[White "Pakleza, Zbigniew"]
[Black "Sadovsky, Artem"]
[WhiteFideId "1119290"]
[BlackFideId "4155840"]
[WhiteElo "2494"]
[BlackElo "2276"]
[Result "0-1"]
[Round "08"]
[TimeControl "180+2"]
[Date "2023.02.21"]
[WhiteClock "0:00:02"]
[BlackClock "0:00:29"]

1. d4 g6 2. Nf3 Bg7 3. Bf4 d6 4. e3 Nd7 5. h3 Ngf6 6. Be2 O-O 7. O-O c5 8. c3 b6 9. a4 a6 10. Nbd2 Bb7 11. Bh2 Qc7 12. Qb3 Rad8 13. Bd3 Qc8 14. e4 cxd4 15. cxd4 Qa8 16. Rfe1 e5 17. Qa3 exd4 18. Bxd6 Rfe8 19. e5 Nd5 20. Rac1 Nf4 21. Be4 Bxe4 22. Rxe4 Ne6 23. b4 Qd5 24. Qd3 b5 25. a5 f5 26. Ree1 Nf4 27. Qxd4 Qxd4 28. Nxd4 Bxe5 29. Bxe5 Nxe5 30. N2b3 Nfd3 31. Kh2 Nxe1 32. Rxe1 Nc4 33. Rc1 Re4 34. Nc6 Rd6 35. Nb8 Re8 36. Nc5 Rxb8 0-1


[Site "https://www.chess.com"]

[Event "Titled Tuesday Blitz February 21 Late 2023"]
[White "Bilych, Olexiy"]
[Black "Cori T., Deysi"]
[WhiteFideId "14156504"]
[BlackFideId "3801934"]
[WhiteElo "2441"]
[BlackElo "2362"]
[Result "1-0"]
[Round "08"]
[TimeControl "180+2"]
[Date "2023.02.21"]
[WhiteClock "0:01:34"]
[BlackClock "0:01:06"]

1. d4 g6 2. e4 Bg7 3. Nc3 d6 4. Be3 c6 5. Qd2 b5 6. f3 Qc7 7. h4 h5 8. Nh3 a5 9. a3 Nd7 10. Ng5 Ngf6 11. d5 Bb7 12. dxc6 Bxc6 13. Nxb5 Qb7 14. a4 O-O 15. c4 Ne5 16. Be2 Rfc8 17. O-O Bd7 18. b3 Ne8 19. Kh2 f6 20. Nh3 Bxh3 21. Kxh3 Qd7+ 22. Kh2 Kh7 23. Rad1 Qe6 24. Qd5 Qd7 25. Kg1 e6 26. Qd2 Nf7 27. f4 Ra6 28. f5 exf5 29. exf5 Ne5 30. fxg6+ Nxg6 31. Bd3 Qg4 32. Qf2 Bh6 33. Bf5 Bxe3 34. Qxe3 Qxh4 35. Bxc8 Ng7 36. Bxa6 Ne5 37. Bc8 1-0


[Site "https://www.chess.com"]

[Event "Titled Tuesday Blitz February 21 Late 2023"]
[White "Sztokbant, Bernardo Vainzoff"]
[Black "Koziorowicz, Michal"]
[WhiteFideId "2115956"]
[BlackFideId "21809194"]
[WhiteElo "2213"]
[BlackElo "2307"]
[Result "1-0"]
[Round "08"]
[TimeControl "180+2"]
[Date "2023.02.21"]
[WhiteClock "0:00:22"]
[BlackClock "0:00:19"]

1. d4 b5 2. c4 bxc4 3. e4 Bb7 4. Nc3 e5 5. dxe5 Nc6 6. Nf3 Nge7 7. Bxc4 Ng6 8. Bg5 Be7 9. Bxe7 Qxe7 10. Nd5 Qd8 11. Rc1 Ngxe5 12. Nxe5 Nxe5 13. Nxc7+ Qxc7 14. Bxf7+ Kd8 15. Rxc7 Kxc7 16. Bd5 Rab8 17. O-O Bxd5 18. Qxd5 Nc6 19. Rd1 Rhd8 20. b3 Rb4 21. Qd6+ Kb7 22. f3 a6 23. Rc1 Rd4 24. Qg3 g6 25. h4 Re8 26. Qg5 Re5 27. Qh6 Re7 28. Qf8 Re6 29. Qg7 Re7 30. Qg8 a5 31. a3 Rd2 32. Qf8 Re5 33. b4 axb4 34. axb4 Rb2 35. Qd6 Re7 36. Rxc6 dxc6 37. Qxe7+ Ka6 38. e5 Kb5 39. Qc5+ Ka4 40. e6 Rxb4 41. e7 Rb1+ 42. Kh2 Re1 43. Qxc6+ Kb3 44. Qb5+ Kc2 45. Qc4+ Kd1 46. Qd3+ Kc1 47. Qc3+ Kd1 48. Qxe1+ 1-0


[Site "https://www.chess.com"]

[Event "Titled Tuesday Blitz February 21 Late 2023"]
[White "Aradhya, Garg"]
[Black "Guzman, Christopher"]
[WhiteFideId "25006746"]
[BlackFideId "6405096"]
[WhiteElo "2284"]
[BlackElo "2271"]
[Result "0-1"]
[Round "08"]
[TimeControl "180+2"]
[Date "2023.02.21"]
[WhiteClock "0:00:03"]
[BlackClock "0:00:41"]

1. d4 Nf6 2. c4 e6 3. Nf3 b6 4. g3 Bb7 5. Bg2 Be7 6. O-O O-O 7. Nc3 d5 8. cxd5 Nxd5 9. Qc2 Nd7 10. Nxd5 Bxd5 11. e4 Bb7 12. Rd1 Nf6 13. Ne5 Rc8 14. Be3 Qe8 15. Rac1 c5 16. d5 exd5 17. exd5 Bd6 18. Nc4 Qd7 19. Bg5 Ne8 20. Re1 f6 21. Be3 Nc7 22. Rcd1 Nb5 23. Nxd6 Nxd6 24. Bf4 Rfe8 25. Re6 Nb5 26. Bh3 Nd4 27. Rxe8+ Qxe8 28. Bxc8 Nxc2 29. Bxb7 Qe2 30. Rd2 Qe1+ 31. Kg2 Nd4 32. d6 Qe6 33. b4 g5 34. bxc5 bxc5 35. Be3 Qxd6 36. a4 Kg7 37. a5 h6 38. a6 Kg6 39. Be4+ f5 40. Bb7 f4 41. Bxd4 cxd4 42. Rd3 h5 43. h3 Qe5 44. gxf4 Qxf4 45. Rf3 Qe5 46. Bc6 Qd6 47. Bb7 d3 48. Be4+ Kg7 49. Bxd3 Qd5 50. Kg3 Qe5+ 51. Kg2 Qd5 52. Kg3 Qd6+ 53. Kg2 Qc6 54. Kg3 Kh6 55. Re3 h4+ 56. Kh2 Qd6+ 57. Kg2 Qd5+ 58. Be4 Qe6 59. Bb7 Qf6 60. Re4 Qf5 61. Rc4 Qf7 62. Rc6+ Kg7 63. Rd6 Qf4 64. Rd7+ Kf6 65. Rd8 Ke7 66. Ra8 g4 67. Rxa7 g3 68. Bf3+ Kd6 69. Ra8 gxf2 70. Rd8+ Ke7 71. Rd1 Qg3+ 72. Kf1 Qxf3 73. Rd2 Qxh3+ 74. Kxf2 Qf5+ 75. Ke1 Qa5 76. Kd1 Qxa6 77. Re2+ Kf6 78. Ke1 Qa1+ 79. Kf2 Qd4+ 80. Kg2 Kf5 81. Rf2+ Kg4 82. Re2 Qd5+ 83. Kh2 h3 84. Rf2 Qe5+ 85. Kh1 Qe1+ 86. Rf1 Qxf1+ 87. Kh2 Qg2# 0-1


[Site "https://www.chess.com"]

[Event "Titled Tuesday Blitz February 21 Late 2023"]
[White "Ibadov, Dashgyn"]
[Black "Salimova, Nurgyul"]
[WhiteFideId "24107514"]
[BlackFideId "2915138"]
[WhiteElo "2391"]
[BlackElo "2391"]
[Result "0-1"]
[Round "08"]
[TimeControl "180+2"]
[Date "2023.02.21"]
[WhiteClock "0:00:04"]
[BlackClock "0:00:05"]

1. e4 e5 2. Nf3 Nc6 3. d4 exd4 4. Nxd4 Nf6 5. Nxc6 bxc6 6. e5 Qe7 7. Qe2 Nd5 8. c4 Ba6 9. b3 g6 10. g3 Bg7 11. Bb2 O-O 12. Bg2 Rae8 13. O-O Bxe5 14. Qxe5 Qxe5 15. Bxe5 Rxe5 16. cxd5 Bxf1 17. Kxf1 cxd5 18. Nc3 c6 19. Rd1 f5 20. Bf3 h5 21. Rd4 f4 22. gxf4 Ref5 23. Ne2 Kf7 24. Ra4 Ra8 25. Ra6 Ke7 26. Kg2 Kd6 27. b4 Kc7 28. a4 Kb7 29. b5 g5 30. Bxh5 gxf4 31. Bg4 Rg8 32. Kf3 Rf7 33. Nd4 Rf6 34. Bxd7 Rd8 35. Bxc6+ Kb8 36. b6 axb6 37. Nb5 Rxc6 38. a5 d4 39. axb6 Kb7 40. Ra2 d3 41. Rd2 Kxb6 42. Na3 Rc3 43. Nb1 Rb3 44. Rd1 Kc5 45. Nd2 Rb2 46. Kxf4 Kd4 47. Nf3+ Kc3 48. h4 Rxf2 49. Kg3 Re2 50. h5 Rg8+ 51. Kf4 Rf8+ 52. Kg4 Rg2+ 53. Kh3 Rg7 54. Ne5 Rd8 55. Kh4 d2 56. h6 Rh7 57. Kg5 Rd5 58. Kg6 Rxh6+ 59. Kxh6 Rxe5 60. Kg6 Re1 0-1


[Site "https://www.chess.com"]

[Event "Titled Tuesday Blitz February 21 Late 2023"]
[White "Leiva, Gianmarco"]
[Black "Veiga, Jose Francisco R P Neves"]
[WhiteFideId "3804399"]
[BlackFideId "1930087"]
[WhiteElo "2392"]
[BlackElo "2406"]
[Result "0-1"]
[Round "08"]
[TimeControl "180+2"]
[Date "2023.02.21"]
[WhiteClock "0:00:01"]
[BlackClock "0:01:07"]

1. e4 Nc6 2. Nf3 e5 3. c3 d5 4. Qa4 f6 5. Bb5 Ne7 6. d3 Be6 7. O-O a6 8. Bxc6+ Nxc6 9. Re1 dxe4 10. dxe4 Bc5 11. Be3 Qe7 12. Nbd2 O-O 13. b4 Bxe3 14. Rxe3 Rfd8 15. Nf1 b5 16. Qc2 Rd6 17. Ng3 Rad8 18. h3 a5 19. a4 Rb8 20. axb5 Rxb5 21. bxa5 Rxa5 22. Rb1 Ra2 23. Rb2 Rxb2 24. Qxb2 Qd8 25. Kh2 Na5 26. Re1 Nc4 27. Qb4 Rb6 28. Qc5 Qd6 29. Qxd6 cxd6 30. Ra1 Rb7 31. Ra6 Rc7 32. Ne2 Kf7 33. g4 g6 34. Ne1 Nd2 35. f3 Bc4 36. Rxd6 Nf1+ 37. Kg1 Bxe2 38. Kf2 Bc4 39. Nc2 Ke7 40. Rd1 Rd7 41. Ra1 Rd2+ 42. Kg1 Rxc2 43. Ra7+ Kd6 0-1


[Site "https://www.chess.com"]

[Event "Titled Tuesday Blitz February 21 Late 2023"]
[White "Costachi, Mihnea"]
[Black "Bilan, Danila"]
[WhiteFideId "1217518"]
[BlackFideId "24161918"]
[WhiteElo "2476"]
[BlackElo "2303"]
[Result "1-0"]
[Round "08"]
[TimeControl "180+2"]
[Date "2023.02.21"]
[WhiteClock "0:00:38"]
[BlackClock "0:00:10"]

1. Nc3 d5 2. d4 Nf6 3. Bf4 a6 4. e3 Bf5 5. Bd3 Bg6 6. Nf3 Nbd7 7. O-O e6 8. Qe2 c5 9. Bxg6 hxg6 10. e4 dxe4 11. Nxe4 Nxe4 12. Qxe4 Qb6 13. Rad1 Nf6 14. dxc5 Bxc5 15. Qa4+ Qb5 16. Qxb5+ axb5 17. a3 Nd5 18. Be5 f6 19. Bd4 Rc8 20. Bxc5 Rxc5 21. c3 e5 22. b4 Nxc3 23. bxc5 Nxd1 24. Rxd1 Ke7 25. Rb1 Ra8 26. Rxb5 Rxa3 27. Rxb7+ Ke6 28. h4 Rc3 29. Rxg7 Rxc5 30. Rxg6 Kf5 31. h5 e4 32. Nd4+ Ke5 33. Ne2 Rc7 34. g4 f5 35. gxf5 Kxf5 36. Ng3+ Kf4 37. Kg2 Rc2 38. h6 e3 39. h7 Rxf2+ 40. Kh3 Rf1 41. Rf6+ Kg5 42. Rxf1 e2 43. Nxe2 1-0


[Site "https://www.chess.com"]

[Event "Titled Tuesday Blitz February 21 Late 2023"]
[White "Golubev, Mikhail"]
[Black "Bjelobrk, Igor"]
[WhiteFideId "14100983"]
[BlackFideId "4300726"]
[WhiteElo "2461"]
[BlackElo "2403"]
[Result "0-1"]
[Round "08"]
[TimeControl "180+2"]
[Date "2023.02.21"]
[WhiteClock "0:00:01"]
[BlackClock "0:01:23"]

1. e4 e6 2. d4 d5 3. Nc3 Bb4 4. e5 b6 5. a3 Bf8 6. Bb5+ Bd7 7. Bd3 c5 8. Nf3 c4 9. Be2 b5 10. O-O h6 11. Ne1 Ne7 12. g3 a6 13. Ng2 Nbc6 14. Nh4 g5 15. Nf3 Nf5 16. g4 Nfe7 17. Re1 Ng6 18. Bf1 Be7 19. Bg2 Rb8 20. b3 Qc7 21. bxc4 bxc4 22. a4 Bb4 23. Bd2 Nf4 24. Rb1 Qa5 25. Bxf4 gxf4 26. Rxb4 Qxb4 27. Qd2 Qa5 28. h4 Rb2 29. g5 hxg5 30. hxg5 Nb4 31. Qxf4 Nxc2 32. g6 fxg6 33. Qf6 Rf8 34. Qxg6+ Kd8 35. Qg7 Rxf3 0-1


[Site "https://www.chess.com"]

[Event "Titled Tuesday Blitz February 21 Late 2023"]
[White "ArchibaldCerveza29"]
[Black "Jaracz, Pawel"]
[BlackFideId "1102222"]
[WhiteElo "2503"]
[BlackElo "2467"]
[Result "1-0"]
[Round "08"]
[TimeControl "180+2"]
[Date "2023.02.21"]
[WhiteClock "0:00:11"]
[BlackClock "0:00:02"]

1. e4 e5 2. Nf3 Nc6 3. Bc4 Be7 4. O-O d6 5. c3 Nf6 6. Re1 O-O 7. d3 Kh8 8. d4 Bg4 9. dxe5 Nxe5 10. Be2 Ng6 11. Nd4 Bd7 12. Bf1 Re8 13. Nd2 Bf8 14. a4 c6 15. Bc4 Be6 16. Nxe6 fxe6 17. Nf3 d5 18. exd5 exd5 19. Bd3 Ne4 20. Be3 Bd6 21. Bxe4 Rxe4 22. Ng5 Bxh2+ 23. Kxh2 Rh4+ 24. Kg1 Qf6 25. Qf3 Nf4 26. Bxf4 Rxf4 27. Qh5 h6 28. Re8+ Rxe8 29. Qxe8+ Qf8 30. Qxf8+ Rxf8 31. Nf3 Rf4 32. Kf1 Kg8 33. Ne5 Re4 34. Nd3 b6 35. a5 b5 36. Nc5 Rc4 37. Nd7 d4 38. Ne5 Rc5 39. cxd4 Rc2 40. Rb1 Kf8 41. Nd7+ Ke7 42. Nc5 Kd6 43. Ke1 Kd5 44. Nb3 Kc4 45. Nd2+ Kxd4 46. Kd1 Kd3 47. Nf3 Rxf2 48. Rc1 Rxb2 49. Ne1+ Kd4 50. Rxc6 Rb1+ 51. Kd2 Ra1 52. Ra6 Ra2+ 53. Nc2+ Kc4 54. Kc1 b4 55. Kb1 b3 56. Ne3+ Kc3 57. Rc6+ Kd3 58. Nd5 Rxg2 59. Nf4+ Ke4 60. Nxg2 Kf3 61. Ra6 g5 62. Rxa7 Kxg2 63. Rg7 g4 64. Rxg4+ Kf3 65. Rg6 h5 66. Rh6 Kg4 67. Rxh5 Kxh5 68. a6 1-0


[Site "https://www.chess.com"]

[Event "Titled Tuesday Blitz February 21 Late 2023"]
[White "Fus, Jakub"]
[Black "Zochowski, Kacper"]
[WhiteFideId "1193023"]
[BlackFideId "1125494"]
[WhiteElo "2417"]
[BlackElo "2262"]
[Result "0-1"]
[Round "08"]
[TimeControl "180+2"]
[Date "2023.02.21"]
[WhiteClock "0:02:43"]
[BlackClock "0:01:52"]

1. e4 d6 2. d4 Nf6 3. f3 e5 4. d5 g6 5. c4 Bg7 6. Nc3 Nh5 7. Be3 a6 8. Qd2 Qh4+ 9. g3 Nxg3 10. Qf2 Nxf1 11. Qxh4 Nxe3 12. Rc1 Ng2+ 0-1


[Site "https://www.chess.com"]